 Dungeon Crawl Stone Soup version 0.20-a0-522-g0b37eee (webtiles) character file.

2842 Lahna the Skirmisher (level 9, -2/81 HPs)
             Began as a Ghoul Fighter on Jan 26, 2017.
             Was a High Priest of Cheibriados.
             Killed by divine providence
             ... invoked by an orc priest
              (17 damage)
             ... on level 7 of the Dungeon.
             The game lasted 00:18:09 (7030 turns).

Lahna the Skirmisher (Ghoul Fighter)                Turns: 7030, Time: 00:18:10

Health: -2/81      AC: 17    Str: 33    XL:     9   Next: 74%
Magic:  11/11      EV:  9    Int: 17    God:    Cheibriados [*****.]
Gold:   344        SH: 19    Dex: 23    Spells: 8/8 levels left

rFire    . . .     SeeInvis .     - Unarmed
rCold    + . .     Gourm    .   y - +0 plate armour
rNeg     + + +     Faith    .   b - +0 shield
rPois    ∞         Spirit   .   p - +0 helmet
rElec    .         Reflect  +   c - +0 cloak
rCorr    .         Harm     .   (no gloves)
MR       +....                  v - +1 pair of boots
Stlth    ..........             E - +6 amulet of reflection
Regen    0.2/turn               A - ring of protection from magic
                                m - +3 ring of evasion

@: rotting, very slow
A: rotting body, claws 1, carnivore 3, cold resistance 1, negative energy
resistance 3, slow regeneration 1, torment resistance, unbreathing
a: Bend Time, Temporal Distortion, Slouch, Step From Time, Renounce Religion


You were on level 7 of the Dungeon.
You worshipped Cheibriados.
Cheibriados was extremely pleased with you.
You were not hungry.

You visited 1 branch of the dungeon, and saw 7 of its levels.
You also visited: Sewer and Ossuary.

You collected 344 gold pieces.

Inventory:

Armour
 b - a +0 shield (worn)
 c - a +0 cloak (worn)
 p - a +0 helmet (worn)
 v - a +1 pair of boots (worn)
 y - a +0 plate armour (worn)
Jewellery
 m - a +3 ring of evasion (left claw)
 x - an uncursed ring of fire
 A - a ring of protection from magic (right claw)
 C - an uncursed ring of protection from cold
 E - a +6 amulet of reflection (around neck)
 F - an uncursed ring of see invisible
 G - an uncursed ring of magical power
 K - the ring of Dear {rPois rC+}
   (You found it on level 6 of the Dungeon)

   [ring of poison resistance]

   It protects you from cold.
   It protects you from poison.
Wands
 t - a wand of lightning (7/15)
 D - a wand of polymorph (15/24)
 N - a wand of flame (1/48)
 O - a wand of paralysis (7/24)
Scrolls
 g - 3 scrolls of fear {unknown}
 j - 4 scrolls of remove curse
 k - 2 scrolls of enchant weapon {unknown}
 l - 3 scrolls of fog
 o - 2 scrolls of recharging {unknown}
 q - a scroll of enchant armour
 s - a scroll of magic mapping {unknown}
 w - 2 scrolls of teleportation {unknown}
 H - a scroll of silence {unknown}
 J - a scroll of identify
 L - a scroll of amnesia {unknown}
 M - a scroll of random uselessness {unknown}
 Q - a scroll of brand weapon {unknown}
Potions
 a - 6 potions of curing
 e - 2 potions of resistance
 f - 4 potions of flight
 h - 3 potions of cancellation
 n - 4 potions of heal wounds
 r - 5 potions of might
 u - a potion of lignification {unknown}
 B - a potion of invisibility
Books
 I - a book of Conjurations

   Spells                             Type                      Level
   a - Magic Dart                     Conjuration                  1
   b - Searing Ray                    Conjuration                  2
   c - Dazzling Spray                 Conjuration/Hexes            3
   d - Fulminant Prism                Conjuration/Hexes            4
   e - Iskenderun's Mystic Blast      Conjuration                  4
   f - Iskenderun's Battlesphere      Conjuration/Charms           5
Miscellaneous
 z - a phantom mirror
Comestibles
 d - 7 meat rations
 i - 3 royal jellies
 P - 12 chunks of flesh


   Skills:
 + Level 7.9 Fighting
 + Level 6.3 Armour
 + Level 6.2 Shields
 + Level 6.9 Unarmed Combat
 + Level 4.0 Invocations


You had 8 spell levels left.
You didn't know any spells.

Dungeon Overview and Level Annotations

Branches:
Dungeon (7/15)             Temple (0/1) D:6

Altars:
Cheibriados
Fedhas
Hepliaklqana
Makhleb
Nemelex Xobeh
Sif Muna
Trog
Uskayaw
Vehumet
Xom

Shops:
D:5 =


Innate Abilities, Weirdness & Mutations

Your body is rotting away.
You thrive on raw meat.
You are immune to poison.
You have sharp fingernails.
You are carnivorous and can eat meat at any time.
Your flesh is cold resistant. (rC+)
You are immune to negative energy. (rN+++)
You regenerate slowly when monsters are visible.
You are immune to unholy pain and torment.
You can survive without breathing.


Message History

The orc warrior hits you with a dire flail!
* * * LOW HITPOINT WARNING * * *
Unknown command.
You block the orc priest's attack. The orc priest barely misses you.
The orc priest begins to cast a cantrip, but forgets the words!
The orc warrior hits you but does no damage.
The orc priest calls down the wrath of Beogh upon you.
Beogh smites you!
* * * LOW HITPOINT WARNING * * *
The orc priest begins to cast a cantrip, but forgets the words!
You block the orc warrior's attack.
The orc priest mumbles some strange prayers to Beogh against you.
Beogh smites you!
* * * LOW HITPOINT WARNING * * *
The orc priest hits you with a flail.
* * * LOW HITPOINT WARNING * * *
The orc warrior barely misses you.
The orc priest invokes the aid of Beogh against you.
Beogh smites you!
You die...

....... #..........##...####.#
#>......###...............# #..
#........ ..............#.# ###
#.......# #...............##
#.......# #...........#....###
.......)###...........##.....###
#.........[=......... #........
.#........#..=....## ##.##.###
#...........ooo@...# #.##.#
#..............###...# #.##.#
#...........#.## #.## #..#.#
#...........#.# #..#####.#.#
#.............# #.....##.#.#
##...........## #....#...#
#........#.## #..÷#..#
#...........#############....###
#...........#.........#.........


You could see an orc warrior and 2 orc priests.

Vanquished Creatures
  A hippogriff (D:7)
  A wraith (Ossuary)
  A hungry ghost (D:7)
  2 black bears
  Purgy (Sewer)
  An ice beast (D:5)
  A sky beast (D:5)
  5 ogres
  A phantom (D:6)
  A centaur (D:6)
  A bullfrog (D:6)
  A scorpion (D:6)
  A howler monkey (D:5)
  A crimson imp (D:7)
  A bullfrog zombie (D:7)
  Crazy Yiuf (D:2)
  4 hounds
  A jelly (D:5)
  3 orc priests
  4 orc wizards
  3 centaur skeletons
  2 iguanas
  5 worker ants
  A killer bee zombie (D:6)
  3 mummies (Ossuary)
  Robin (D:3)
  2 howler monkey skeletons
  13 adders
  A shadow imp (D:7)
  2 oozes
  An adder zombie (D:5)
  2 adder skeletons
  6 worms
  A dart slug (D:1)
  4 leopard geckos
  22 orcs
  4 ball pythons (Sewer)
  19 giant cockroaches
  23 goblins
  9 hobgoblins
  12 jackals
  A quokka (D:4)
  5 bats
  4 frilled lizards
  2 goblin zombies (Ossuary)
  3 hobgoblin zombies (Ossuary)
  9 kobolds
  3 kobold zombies (Ossuary)
  A leopard gecko skeleton (D:6)
  An orc zombie (Ossuary)
  A quokka zombie (D:5)
  16 rats
215 creatures vanquished.

Vanquished Creatures (others)
  A centaur (D:6)
  An adder skeleton (D:6)
2 creatures vanquished.

Grand Total: 217 creatures vanquished

Notes
Turn   | Place    | Note
-------+----------+-------------------------------------------
     0 | D:1      | Lahna the Ghoul Fighter began the quest for the Orb.
     0 | D:1      | Reached XP level 1. HP: 19/19 MP: 0/0
    42 | D:1      | Reached XP level 2. HP: 17/26 MP: 1/1
   360 | D:1      | Reached XP level 3. HP: 31/31 MP: 2/2
   679 | D:2      | Found a runed door.
   683 | D:2      | Noticed Crazy Yiuf
   691 | D:2      | HP: 1/33 [Crazy Yiuf/quarterstaff of chaos (2)]
   693 | D:2      | Killed Crazy Yiuf
   693 | D:2      | Reached XP level 4. HP: 1/40 MP: 3/3
  1007 | D:2      | Found a snail-covered altar of Cheibriados.
  1034 | D:2      | Reached skill level 4 in Fighting
  1044 | D:2      | Became a worshipper of Cheibriados the Contemplative
  1079 | D:2      | Found a faded altar of an unknown god.
  1338 | D:2      | Reached * piety under Cheibriados
  1471 | D:2      | Reached XP level 5. HP: 46/46 MP: 4/4
  1492 | D:2      | Found a bloodstained altar of Trog.
  1607 | D:3      | Noticed Robin
  1644 | D:3      | Reached ** piety under Cheibriados
  1849 | D:3      | Killed Robin
  2028 | D:3      | Found a deep blue altar of Sif Muna.
  2119 | D:3      | Reached XP level 6. HP: 50/53 MP: 5/5
  2245 | D:3      | Reached skill level 1 in Invocations
  2385 | D:3      | Reached *** piety under Cheibriados
  2418 | D:3      | Found a blossoming altar of Fedhas.
  2496 | D:3      | Reached skill level 5 in Fighting
  3404 | D:4      | Reached XP level 7. HP: 29/61 MP: 7/7
  3409 | D:4      | Reached **** piety under Cheibriados
  3704 | D:5      | Entered Level 5 of the Dungeon
  3763 | D:5      | Found a glowing drain.
  3796 | Sewer    | Entered a sewer
  3820 | Sewer    | Noticed Purgy
  3830 | Sewer    | Killed Purgy
  4059 | D:5      | Found a sparkling altar of Nemelex Xobeh.
  4127 | D:5      | Found a shimmering altar of Xom.
  4128 | D:5      | Found a shimmering altar of Xom.
  4128 | D:5      | Found a shimmering altar of Xom.
  4139 | D:5      | Found a shimmering altar of Xom.
  4139 | D:5      | Found a shimmering altar of Xom.
  4186 | D:5      | Reached XP level 8. HP: 63/70 MP: 9/9
  4223 | D:5      | Reached skill level 6 in Fighting
  4223 | D:5      | Reached skill level 5 in Unarmed Combat
  4490 | D:5      | Reached skill level 5 in Armour
  4563 | D:5      | Reached ***** piety under Cheibriados
  4566 | D:5      | Reached skill level 5 in Shields
  4600 | D:5      | Found a shimmering altar of Xom.
  4604 | D:5      | Found a shimmering altar of Xom.
  4666 | D:5      | Found Moneq's Jewellery Emporium.
  4916 | D:6      | Found a staircase to the Ecumenical Temple.
  5166 | D:6      | Found a sand-covered staircase.
  5171 | Ossuary  | Entered an ossuary
  5171 | Ossuary  | Noticed a wraith
  5171 | Ossuary  | Noticed a wraith
  5171 | Ossuary  | Noticed a wraith
  5534 | Ossuary  | Noticed a wraith
  5536 | Ossuary  | Killed a wraith
  5536 | Ossuary  | Reached skill level 7 in Fighting
  5536 | Ossuary  | Reached XP level 9. HP: 78/78 MP: 10/10
  6058 | D:6      | Got a slimy pewter ring
  6060 | D:6      | Identified the ring of Dear {rPois rC+} (You found it on level 6 of the Dungeon)
  6313 | D:6      | Found a hide-covered altar of Uskayaw.
  6316 | D:6      | Found a hazy altar of Hepliaklqana.
  6871 | D:7      | Found a radiant altar of Vehumet.
  6872 | D:7      | Found a burning altar of Makhleb.
  7030 | D:7      | Killed from afar by an orc priest

Vault maps used:
D:1:      lightli_arrival_flooded_house
D:2:      minmay_roachtagon, old_standard_altar, first_bread,
          chequers_ecumenical_altar_simple_redux, trog_three_pillars_becter,
          uniq_crazy_yiuf_cottage
D:3:      led_sif_book, fedhas_altar_3, st_stairs_1, uniq_robin
D:4:      kennysheep_the_goblin_king
D:5:      nicolae_xom_altar_mimics, serial_shops, nicolae_shop_window_shopping,
          gup_sewer_entry_bubbles, nemelex_lonely_heart_becter
D:6:      grunt_temple_overflow_open, minmay_temple_entry_overgrown,
          nicolae_ossuary_entry_false_entrances, lemuel_flame_loot_1
D:7:      grunt_temple_overflow_lords_of_destruction, serial_shops,
          nicolae_shop_behind_doors, grunt_ogre_cave, kennysheep_small_square,
          uniq_duvessa
Sewer:    sewer_co_purgy_island
Ossuary:  ossuary_kennysheep_city_of_the_dead

Skill      XL: |  1  2  3  4  5  6  7  8  9 |
---------------+----------------------------+-----
Shields        | 3 4 5 6 |  6.2
Armour         | 3 4 5 6 |  6.3
Fighting       | 4 5 7 |  7.9
Unarmed Combat | 3 4 6 |  6.9
Invocations    | 2 3 4 |  4.0

Action                   |  1- 3 |  4- 6 |  7- 9 || total
-------------------------+-------+-------+-------++-------
Melee: Unarmed           |   103 |   369 |   356 ||   828
  Use: Potion            |     1 |       |     2 ||     3
       Scroll            |       |     6 |     7 ||    13
  Eat: Chunk             |     2 |     4 |     7 ||    13
Armor: Scale mail        |    45 |   101 |       ||   146
       Chain mail        |       |    57 |    36 ||    93
       Plate armour      |       |       |   101 ||   101
Dodge: Dodged            |    34 |   138 |   105 ||   277
Block: Shield            |    50 |   183 |   297 ||   530
       Reflection        |       |       |     7 ||     7
